 Dungeon Sprint DCSS version 0.17-a0-2118-g63bad21 (webtiles) character file.

8800000 hexophile the Axe Maniac (level 27, 0/273 HPs)
             Began as a Ghoul Warper on Oct 20, 2015.
             Was the Champion of Makhleb.
             Killed by dispel undead
             ... invoked by a wretched soul
              (54 damage)
             ... in the Dungeon (Sprint VIII: "Arena of Blood").
             The game lasted 00:02:22 (88 turns).

hexophile the Axe Maniac (Ghoul Warper)               Turns: 88, Time: 00:02:22

Health: 0/273      AC:  6    Str: 19    XL:     27
Magic:  35/53      EV: 32    Int:  8    God:    Makhleb [******]
Gold:   0          SH:  0    Dex: 17    Spells: 1 memorised, 79 levels left

rFire  . . .     SeeInvis .     k - +∞ Axe of Woe
rCold  + . .     Clarity  .     a - +0 leather armour
rNeg   + + +     SustAt   .     (no shield)
rPois  ∞         Gourm    .     (no helmet)
rElec  .         Spirit   .     (no cloak)
rCorr  .         Warding  .     (no gloves)
rMut   .         NoTele   +     (no boots)
MR     ++...                    (no amulet)
Stlth  +++++++++.               (no ring)
                                (no ring)

@: rotting, very resistant to hostile enchantments, incredibly stealthy
A: rotting body, claws 1, carnivore 3, cold resistance 1, negative energy
resistance 3, slow regeneration 1, torment resistance, unbreathing
a: Minor Destruction, Lesser Servant of Makhleb, Major Destruction, Greater
Servant of Makhleb, Renounce Religion


You were in the Dungeon.
You worshipped Makhleb.
Makhleb was exalted by your worship.
You were not hungry.

You visited 1 branch


Innate Abilities, Weirdness & Mutations

Your body is rotting away.
You thrive on raw meat.
You are immune to poison.
You have sharp fingernails.
You are carnivorous and can eat meat at any time.
Your flesh is cold resistant.
You are immune to negative energy.
You regenerate slowly when monsters are visible.
You are immune to unholy pain and torment.
You can survive without breathing.

Inventory:

Hand Weapons
 k - the +∞ Axe of Woe (weapon)
   (You found it in the Dungeon)
Missiles
 d - 5 tomahawks of dispersal (quivered)
Armour
 a - a +0 leather armour (worn)
Scrolls
 c - 2 scrolls of blinking
Potions
 f - a potion of curing
 g - a potion of heal wounds
 h - a potion of haste
 i - 2 potions of magic
 j - a potion of berserk rage
Books
 b - a book of Spatial Translocations

   Spells                             Type                      Level
   a - Apportation                    Translocation                1
   b - Blink                          Translocation                2
   c - Shroud of Golubria             Charms/Translocation         2
   d - Portal Projectile              Translocation                3
   e - Teleport Other                 Translocation                3
   f - Passage of Golubria            Translocation                4
Comestibles
 e - a meat ration


You had 79 spell levels left.
You knew the following spells:

 Your Spells              Type           Power        Failure   Level  Hunger
z - Apportation           Tloc           ######....   0%          1    None


   Skills:
 O Level 27 Fighting
 O Level 27 Axes
 O Level 27 Throwing
 O Level 27 Armour
 O Level 27 Dodging
 O Level 27 Stealth
 O Level 27 Unarmed Combat
 O Level 27 Spellcasting
 O Level 27 Translocations
 O Level 27 Invocations

Dungeon Overview and Level Annotations

Branches:
Dungeon (1/1)

Altars:
Makhleb

Vault maps used:
D:        meatsprint
You       could see a reaper and 2 eight-headed meat hydras.


Message History

Makhleb accepts your kill.
You feel better.
You hit the eight-headed meat hydra.
You cleave the eight-headed meat hydra in twain.
You kill the eight-headed meat hydra!
Makhleb accepts your kill.
The meat beast moves out of view.
You hear a shout! x11
An eight-headed meat hydra comes into view.
Health restored: 273 Unknown command.
The eight-headed meat hydra roars!
You slice the meat beast!!
You butcher the meat beast messily.
You kill the meat beast!
Makhleb accepts your kill. The reaper completely misses you.
You hear a shout! x6
Unknown command.
You slice the meat beast!!
You hew the meat beast savagely.
You kill the meat beast!
Makhleb accepts your kill.
You slash the dread!
You butcher the dread messily.
You destroy the dread!
Makhleb accepts your kill.
You hear a shout! x7
Unknown command.
You hear a shout! x3
The Captor hits you with a +9 triple sword of slicing!!!!!
Ouch! That really hurt!
* * * LOW HITPOINT WARNING * * *
You hear a shout! x5
Things that are here:
a +9 battleaxe; a +30 ring of slaying; a meat berserker corpse You take 191 damage, and have 82/273 hp.
MASSIVE DAMAGE!!
Unknown command.
You open The Captor like a pillowcase!!!
You dissect The Captor like a pig carcass.
You kill The Captor!
Makhleb accepts your kill.
You hear a shout! x6
The reaper completely misses you.
You hear a shout! x2
Deactivating autopickup; reactivate with Ctrl-A.
You convulse!
* * * LOW HITPOINT WARNING * * *
You hear a shout!
You take 29 damage, and have 53/273 hp.
You hear a shout! x6
Something closely misses you.
You convulse!
You die...

Action                   |  1- 3 |  4- 6 |  7- 9 | 10-12 | 13-15 | 16-18 | 19-21 | 22-24 | 25-27 || total
-------------------------+-------+-------+-------+-------+-------+-------+-------+-------+-------++-------
Melee: Executioner's axe |     1 |       |       |       |     2 |     3 |     4 |     6 |    43 ||    59
 Stab: Distracted        |       |       |       |       |       |       |       |       |     1 ||     1

Notes
Turn   | Place    | Note
--------------------------------------------------------------
     0 | D        | hexophile the Ghoul Warper began the quest for the Orb.
     0 | D        | Reached XP level 1. HP: 17/17 MP: 2/2
     3 | D        | Noticed a bag of meat
     4 | D        | Became a worshipper of Makhleb the Destroyer
     5 | D        | Noticed a bag of meat
     6 | D        | Noticed a meat berserker
     6 | D        | Noticed a meat berserker
     7 | D        | Noticed a bag of meat
     7 | D        | Noticed a meat berserker
     8 | D        | Killed a meat berserker
     8 | D        | Reached skill level 27 in Axes
     8 | D        | Reached skill level 3 in Fighting
     8 | D        | Reached skill level 2 in Armour
     8 | D        | Reached skill level 3 in Dodging
     8 | D        | Reached skill level 3 in Stealth
     8 | D        | Reached XP level 2. HP: 22/27 MP: 3/3
     8 | D        | Reached XP level 3. HP: 26/33 MP: 4/4
     8 | D        | Reached XP level 4. HP: 31/40 MP: 5/5
     8 | D        | Reached XP level 5. HP: 35/46 MP: 6/6
     8 | D        | Reached XP level 6. HP: 39/52 MP: 7/7
     8 | D        | Reached XP level 7. HP: 43/58 MP: 8/8
     8 | D        | Reached XP level 8. HP: 48/66 MP: 9/9
     8 | D        | Reached XP level 9. HP: 51/71 MP: 10/10
     8 | D        | Reached XP level 10. HP: 56/78 MP: 11/11
     8 | D        | Reached XP level 11. HP: 59/83 MP: 12/12
     8 | D        | Reached XP level 12. HP: 64/91 MP: 13/13
     8 | D        | Reached XP level 13. HP: 67/96 MP: 14/14
     8 | D        | Killed a bag of meat
     8 | D        | Reached * piety under Makhleb
     8 | D        | Reached skill level 9 in Fighting
     8 | D        | Reached skill level 8 in Armour
     8 | D        | Reached skill level 8 in Dodging
     8 | D        | Reached skill level 10 in Stealth
     8 | D        | Reached XP level 14. HP: 70/119 MP: 15/15
     9 | D        | Noticed a meat berserker
     9 | D        | Noticed a meat berserker
     9 | D        | Killed a meat berserker
     9 | D        | Reached skill level 14 in Fighting
     9 | D        | Reached skill level 12 in Armour
     9 | D        | Reached skill level 12 in Dodging
     9 | D        | Reached skill level 15 in Stealth
     9 | D        | Reached XP level 15. HP: 61/139 MP: 16/16
     9 | D        | Killed a bag of meat
     9 | D        | Reached ** piety under Makhleb
     9 | D        | Reached skill level 16 in Fighting
     9 | D        | Reached skill level 14 in Armour
     9 | D        | Reached skill level 14 in Dodging
     9 | D        | Reached skill level 17 in Stealth
    10 | D        | Killed a meat berserker
    10 | D        | Reached skill level 19 in Fighting
    10 | D        | Reached skill level 16 in Armour
    10 | D        | Reached skill level 16 in Dodging
    10 | D        | Reached skill level 20 in Stealth
    10 | D        | Reached XP level 16. HP: 64/160 MP: 17/17
    11 | D        | Noticed a bag of meat
    11 | D        | Killed a bag of meat
    11 | D        | Reached *** piety under Makhleb
    11 | D        | Reached skill level 20 in Fighting
    11 | D        | Reached skill level 17 in Armour
    11 | D        | Reached skill level 17 in Dodging
    11 | D        | Reached skill level 21 in Stealth
    11 | D        | Noticed a large bag of meat
    11 | D        | Noticed a bag of meat
    11 | D        | Noticed a bag of meat
    12 | D        | Noticed a bag of meat
    12 | D        | Noticed a bag of meat
    13 | D        | Noticed a bag of meat
    13 | D        | Noticed a bag of meat
    13 | D        | Noticed a bag of meat
    13 | D        | Noticed a meat berserker
    13 | D        | Killed a meat berserker
    13 | D        | Reached skill level 22 in Fighting
    13 | D        | Reached skill level 19 in Armour
    13 | D        | Reached skill level 19 in Dodging
    13 | D        | Reached skill level 23 in Stealth
    13 | D        | Reached XP level 17. HP: 145/177 MP: 18/18
    13 | D        | Killed a meat berserker
    13 | D        | Reached **** piety under Makhleb
    13 | D        | Reached skill level 24 in Fighting
    13 | D        | Reached skill level 20 in Armour
    13 | D        | Reached skill level 20 in Dodging
    13 | D        | Reached skill level 25 in Stealth
    13 | D        | Reached XP level 18. HP: 151/190 MP: 19/19
    14 | D        | Noticed a bag of meat
    15 | D        | Noticed a destroyer
    15 | D        | Noticed a bag of meat
    16 | D        | Noticed a bag of meat
    16 | D        | Noticed a meat berserker
    16 | D        | Noticed a meat berserker
    17 | D        | Noticed a meat berserker
    18 | D        | Noticed a meat berserker
    18 | D        | Noticed a bag of meat
    18 | D        | Noticed a bag of meat
    19 | D        | Noticed a bag of meat
    19 | D        | Noticed a bag of meat
    19 | D        | Noticed a bag of meat
    20 | D        | Noticed a bag of meat
    20 | D        | Noticed a bag of meat
    20 | D        | Noticed a bag of meat
    21 | D        | Killed a meat berserker
    21 | D        | Reached skill level 25 in Fighting
    21 | D        | Reached skill level 22 in Armour
    21 | D        | Reached skill level 22 in Dodging
    21 | D        | Reached skill level 27 in Stealth
    21 | D        | Killed a meat berserker
    21 | D        | Reached skill level 27 in Fighting
    21 | D        | Reached skill level 24 in Armour
    21 | D        | Reached skill level 24 in Dodging
    21 | D        | Reached XP level 19. HP: 201/207 MP: 20/20
    22 | D        | Noticed a bag of meat
    22 | D        | Noticed a bag of meat
    22 | D        | Noticed a bag of meat
    22 | D        | Noticed a bag of meat
    22 | D        | Noticed a meat berserker
    22 | D        | Killed a meat berserker
    22 | D        | Reached skill level 26 in Armour
    22 | D        | Reached skill level 26 in Dodging
    23 | D        | Noticed a bag of meat
    23 | D        | Noticed a meat berserker
    24 | D        | Noticed a bag of meat
    24 | D        | Noticed a meat berserker
    24 | D        | Noticed a bag of meat
    25 | D        | Noticed a bag of meat
    25 | D        | Noticed a bag of meat
    25 | D        | Killed a meat berserker
    25 | D        | Reached ***** piety under Makhleb
    25 | D        | Reached skill level 27 in Armour
    25 | D        | Reached skill level 27 in Dodging
    25 | D        | Reached skill level 7 in Throwing
    25 | D        | Reached skill level 9 in Unarmed Combat
    25 | D        | Reached skill level 7 in Spellcasting
    25 | D        | Reached skill level 8 in Translocations
    25 | D        | Reached skill level 9 in Invocations
    25 | D        | Reached XP level 20. HP: 216/216 MP: 20/29
    25 | D        | Killed a bag of meat
    25 | D        | Reached skill level 9 in Throwing
    25 | D        | Reached skill level 11 in Unarmed Combat
    25 | D        | Reached skill level 9 in Spellcasting
    25 | D        | Reached skill level 10 in Translocations
    25 | D        | Reached skill level 11 in Invocations
    26 | D        | Noticed a large bag of meat
    26 | D        | Noticed a bag of meat
    26 | D        | Noticed a bag of meat
    26 | D        | Noticed a large bag of meat
    26 | D        | Noticed a bag of meat
    26 | D        | Noticed a bag of meat
    27 | D        | Killed a bag of meat
    27 | D        | Reached skill level 11 in Throwing
    27 | D        | Reached skill level 13 in Unarmed Combat
    27 | D        | Reached skill level 10 in Spellcasting
    27 | D        | Reached skill level 11 in Translocations
    27 | D        | Reached skill level 13 in Invocations
    27 | D        | Killed a meat berserker
    27 | D        | Reached skill level 14 in Throwing
    27 | D        | Reached skill level 16 in Unarmed Combat
    27 | D        | Reached skill level 13 in Spellcasting
    27 | D        | Reached skill level 14 in Translocations
    27 | D        | Reached skill level 16 in Invocations
    27 | D        | Killed a meat berserker
    27 | D        | Reached skill level 15 in Throwing
    27 | D        | Reached skill level 18 in Unarmed Combat
    27 | D        | Reached skill level 14 in Spellcasting
    27 | D        | Reached skill level 16 in Translocations
    27 | D        | Reached skill level 18 in Invocations
    27 | D        | Reached XP level 21. HP: 224/224 MP: 20/38
    27 | D        | Killed a destroyer
    27 | D        | Reached skill level 18 in Throwing
    27 | D        | Reached skill level 21 in Unarmed Combat
    27 | D        | Reached skill level 16 in Spellcasting
    27 | D        | Reached skill level 18 in Translocations
    27 | D        | Reached skill level 20 in Invocations
    28 | D        | Noticed a meat berserker
    28 | D        | Killed a bag of meat
    28 | D        | Reached ****** piety under Makhleb
    28 | D        | Reached skill level 17 in Spellcasting
    28 | D        | Reached skill level 19 in Translocations
    28 | D        | Reached skill level 21 in Invocations
    28 | D        | Killed a bag of meat
    28 | D        | Reached skill level 19 in Throwing
    28 | D        | Reached skill level 22 in Unarmed Combat
    28 | D        | Reached skill level 18 in Spellcasting
    28 | D        | Reached skill level 22 in Invocations
    28 | D        | Reached XP level 22. HP: 233/233 MP: 20/43
    29 | D        | Noticed a meat berserker
    29 | D        | Noticed a destroyer
    29 | D        | Killed a bag of meat
    29 | D        | Reached skill level 20 in Throwing
    29 | D        | Reached skill level 23 in Unarmed Combat
    29 | D        | Reached skill level 20 in Translocations
    29 | D        | Reached skill level 23 in Invocations
    29 | D        | Killed a bag of meat
    29 | D        | Reached skill level 19 in Spellcasting
    29 | D        | Killed a bag of meat
    29 | D        | Reached skill level 21 in Throwing
    29 | D        | Reached skill level 24 in Unarmed Combat
    29 | D        | Reached skill level 20 in Spellcasting
    29 | D        | Reached skill level 21 in Translocations
    29 | D        | Reached skill level 24 in Invocations
    29 | D        | Killed a meat berserker
    29 | D        | Reached skill level 22 in Throwing
    29 | D        | Reached skill level 25 in Unarmed Combat
    29 | D        | Reached skill level 21 in Spellcasting
    29 | D        | Reached skill level 22 in Translocations
    29 | D        | Reached skill level 25 in Invocations
    29 | D        | Killed a bag of meat
    29 | D        | Reached skill level 26 in Unarmed Combat
    29 | D        | Reached skill level 23 in Translocations
    29 | D        | Reached skill level 26 in Invocations
    29 | D        | Reached XP level 23. HP: 240/240 MP: 20/47
    29 | D        | Noticed a bag of meat
    30 | D        | Noticed a bag of meat
    30 | D        | Noticed a meat berserker
    30 | D        | Killed a meat berserker
    30 | D        | Reached skill level 24 in Throwing
    30 | D        | Reached skill level 27 in Unarmed Combat
    30 | D        | Reached skill level 22 in Spellcasting
    30 | D        | Reached skill level 24 in Translocations
    30 | D        | Reached skill level 27 in Invocations
    31 | D        | Noticed a bag of meat
    31 | D        | Killed a bag of meat
    31 | D        | Reached skill level 23 in Spellcasting
    31 | D        | Reached skill level 25 in Translocations
    31 | D        | Killed a bag of meat
    31 | D        | Reached skill level 25 in Throwing
    31 | D        | Reached skill level 24 in Spellcasting
    32 | D        | Noticed a bag of meat
    32 | D        | Noticed a meat berserker
    32 | D        | Killed a bag of meat
    32 | D        | Reached skill level 26 in Throwing
    32 | D        | Reached skill level 26 in Translocations
    32 | D        | Killed a bag of meat
    32 | D        | Reached skill level 25 in Spellcasting
    32 | D        | Reached skill level 27 in Translocations
    32 | D        | Killed a bag of meat
    32 | D        | Reached skill level 27 in Throwing
    32 | D        | Reached skill level 26 in Spellcasting
    32 | D        | Reached XP level 24. HP: 249/249 MP: 21/52
    33 | D        | Noticed a sculptor of flesh
    33 | D        | Killed a bag of meat
    33 | D        | Reached skill level 27 in Spellcasting
    33 | D        | Killed a bag of meat
    33 | D        | Killed a bag of meat
    34 | D        | Noticed a bag of meat
    34 | D        | Noticed a bag of meat
    34 | D        | Noticed a meat berserker
    34 | D        | Killed a large bag of meat
    34 | D        | Killed a bag of meat
    34 | D        | Killed a bag of meat
    34 | D        | Killed a bag of meat
    34 | D        | Reached XP level 25. HP: 257/257 MP: 21/53
    35 | D        | Noticed a bag of meat
    35 | D        | Noticed a meat berserker
    35 | D        | Killed a bag of meat
    35 | D        | Killed a meat berserker
    35 | D        | Killed a bag of meat
    36 | D        | Noticed a bag of meat
    36 | D        | Noticed a destroyer
    36 | D        | Killed a large bag of meat
    36 | D        | Killed a bag of meat
    36 | D        | Killed a bag of meat
    36 | D        | Killed a bag of meat
    36 | D        | Killed a meat berserker
    36 | D        | Reached XP level 26. HP: 266/266 MP: 22/53
    37 | D        | Noticed a bag of meat
    37 | D        | Killed a bag of meat
    37 | D        | Killed a destroyer
    38 | D        | Noticed a bag of meat
    38 | D        | Noticed a bag of meat
    38 | D        | Noticed a destroyer
    38 | D        | Killed a meat berserker
    39 | D        | Noticed a bag of meat
    39 | D        | Killed a meat berserker
    39 | D        | Reached XP level 27. HP: 273/273 MP: 23/53
    39 | D        | Killed a bag of meat
    39 | D        | Killed a bag of meat
    40 | D        | Noticed a bag of meat
    40 | D        | Noticed a destroyer
    40 | D        | Noticed a bag of meat
    40 | D        | Noticed a bag of meat
    40 | D        | Noticed a meat berserker
    40 | D        | Noticed a large bag of meat
    40 | D        | Noticed a meat berserker
    40 | D        | Noticed a bag of meat
    41 | D        | Noticed a bag of meat
    41 | D        | Killed a meat berserker
    41 | D        | Killed a sculptor of flesh
    41 | D        | Killed a bag of meat
    42 | D        | Noticed a large bag of meat
    42 | D        | Noticed a bag of meat
    42 | D        | Noticed a bag of meat
    42 | D        | Noticed a bag of meat
    42 | D        | Noticed a bag of meat
    42 | D        | Noticed a destroyer
    43 | D        | Noticed a bag of meat
    43 | D        | Noticed a bag of meat
    43 | D        | Killed a destroyer
    43 | D        | Killed a bag of meat
    43 | D        | Killed a bag of meat
    43 | D        | Killed a destroyer
    44 | D        | Noticed a meat berserker
    44 | D        | Killed a bag of meat
    44 | D        | Killed a meat berserker
    44 | D        | Killed a meat berserker
    45 | D        | Noticed a bag of meat
    45 | D        | Noticed a meat berserker
    45 | D        | Killed a bag of meat
    45 | D        | Killed a large bag of meat
    45 | D        | Killed a bag of meat
    45 | D        | Killed a bag of meat
    46 | D        | Noticed a bag of meat
    46 | D        | Noticed a bag of meat
    46 | D        | Killed a bag of meat
    46 | D        | Killed a bag of meat
    46 | D        | Killed a bag of meat
    46 | D        | Killed a bag of meat
    47 | D        | Noticed a bag of meat
    47 | D        | Noticed a bag of meat
    47 | D        | Killed a bag of meat
    47 | D        | Killed a destroyer
    47 | D        | Killed a meat berserker
    47 | D        | Killed a bag of meat
    48 | D        | Noticed a sculptor of flesh
    48 | D        | Noticed a destroyer
    48 | D        | Killed a bag of meat
    48 | D        | Killed a bag of meat
    48 | D        | Killed a meat berserker
    49 | D        | Noticed a bag of meat
    49 | D        | Noticed a bag of meat
    49 | D        | Noticed a bag of meat
    49 | D        | Killed a bag of meat
    49 | D        | Killed a bag of meat
    49 | D        | Killed a meat berserker
    49 | D        | Killed a large bag of meat
    50 | D        | Noticed a bag of meat
    50 | D        | Killed a bag of meat
    50 | D        | Killed a bag of meat
    50 | D        | Killed a bag of meat
    50 | D        | Killed a bag of meat
    50 | D        | Killed a bag of meat
    51 | D        | Noticed a large bag of meat
    51 | D        | Noticed a bag of meat
    51 | D        | Noticed a meat berserker
    51 | D        | Killed a bag of meat
    51 | D        | Killed a bag of meat
    52 | D        | Noticed an accursed
    52 | D        | Noticed a meat berserker
    52 | D        | Noticed a bag of meat
    52 | D        | Killed a bag of meat
    52 | D        | Killed a sculptor of flesh
    53 | D        | Noticed a sculptor of flesh
    53 | D        | Killed a bag of meat
    53 | D        | Killed a bag of meat
    54 | D        | Noticed a bag of meat
    54 | D        | Noticed an accursed
    54 | D        | Noticed a destroyer
    54 | D        | Killed a destroyer
    54 | D        | Killed a bag of meat
    55 | D        | Noticed a sculptor of flesh
    55 | D        | Noticed a destroyer
    55 | D        | Noticed a large bag of meat
    55 | D        | Killed a bag of meat
    55 | D        | Killed a bag of meat
    55 | D        | Killed a destroyer
    56 | D        | Noticed a tyrant
    56 | D        | Noticed a bag of meat
    56 | D        | Noticed a bag of meat
    56 | D        | Killed a bag of meat
    56 | D        | Killed an accursed
    56 | D        | Killed a bag of meat
    57 | D        | Noticed a bag of meat
    57 | D        | Noticed a tyrant
    57 | D        | Killed a meat berserker
    57 | D        | Killed a bag of meat
    57 | D        | Killed a bag of meat
    58 | D        | Killed a bag of meat
    58 | D        | Killed a meat berserker
    59 | D        | Noticed a meat berserker
    59 | D        | Killed a destroyer
    60 | D        | Noticed a tyrant
    60 | D        | Noticed an accursed
    60 | D        | Killed an accursed
    60 | D        | Killed a tyrant
    60 | D        | Killed a bag of meat
    61 | D        | Noticed a destroyer
    61 | D        | Killed a bag of meat
    61 | D        | Killed a large bag of meat
    62 | D        | Noticed a meat berserker
    63 | D        | Killed a destroyer
    63 | D        | Killed a sculptor of flesh
    64 | D        | Noticed a bag of meat
    64 | D        | Killed a bag of meat
    65 | D        | Noticed a meat berserker
    65 | D        | Killed a bag of meat
    66 | D        | Killed a tyrant
    66 | D        | Killed a destroyer
    66 | D        | Killed a meat berserker
    67 | D        | Killed a large bag of meat
    67 | D        | Killed a bag of meat
    67 | D        | Killed a tyrant
    68 | D        | Noticed a destroyer
    69 | D        | Noticed a dread
    69 | D        | Killed a dread
    69 | D        | Killed a meat berserker
    69 | D        | Killed an accursed
    71 | D        | Noticed a meat beast
    71 | D        | Killed a meat berserker
    71 | D        | Killed a bag of meat
    72 | D        | Killed a bag of meat
    73 | D        | Killed a sculptor of flesh
    74 | D        | Noticed a dread
    74 | D        | Noticed a dread
    75 | D        | Noticed a dread
    75 | D        | Killed a meat beast
    77 | D        | Noticed a meat beast
    77 | D        | Killed a destroyer
    79 | D        | Noticed a meat berserker
    80 | D        | Noticed The Captor
    80 | D        | Killed a dread
    80 | D        | Killed a dread
    81 | D        | Killed a meat beast
    81 | D        | Noticed a meat beast
    83 | D        | Noticed a meat beast
    83 | D        | Killed a meat berserker
    84 | D        | Killed a meat beast
    85 | D        | Killed a meat beast
    85 | D        | Killed a dread
    87 | D        | Killed The Captor
    88 | D        | Killed from afar by a wretched soul

Table legend:
 A = Turns spent in this place as a percentage of turns spent in the entire game.
 B = Non-inter-level travel turns spent in this place as a percentage of non-inter-level travel turns spent in the entire game.
 C = Inter-level travel turns spent in this place as a percentage of turns spent in this place.
 D = Turns resting spent in this place as a percentage of non-inter-level travel turns spent in this place.
 E = Turns spent auto-exploring this place as a percentage of non-inter-level travel turns spent in this place.
 F = Non-inter-level travel turns spent in this place divided by the number of levels of this place that you've seen.
                   A       B       C       D       E      F
               +-------+-------+-------+-------+-------+----------------------
         Total | 100.0 | 100.0 |   0.0 |   0.0 |   0.0 | 188.0
       Dungeon | 100.0 | 100.0 |   0.0 |   0.0 |   0.0 | 188.0
               +-------+-------+-------+-------+-------+----------------------

Table legend:
 A = Kills in this place as a percentage of kills in entire the game.
 B = Kills by you in this place as a percentage of kills by you in the entire game.
 C = Kills by friends in this place as a percentage of kills by friends in the entire game.
 D = Other kills in this place as a percentage of other kills in the entire game.
 E = Experience gained in this place as a percentage of experience gained in the entire game.
 F = Experience gained in this place divided by the number of levels of this place that you have seen.
                   A       B       C       D       E      F
               +-------+-------+-------+-------+-------+----------------------
         Total | 100.0 | 100.0 |  -nan |  -nan | 100.0 | 4717654.0
       Dungeon | 100.0 | 100.0 |  -nan |  -nan | 100.0 | 4717654.0
               +-------+-------+-------+-------+-------+----------------------

Vanquished Creatures
  Sigmund (D)
  4 hell beasts (D)
  3 greater mummies (D)
  4 wraiths (D)
  11 vampire knights (D)
  29 ogres (D)
  3 liches (D)
  A hydra (D)
  72 orcs (D)
  6 hill giants (D)
  4 skeletal warriors (D)
  8 large abominations (D)
  4 small abominations (D)
  4 crawling corpses (D)
154 creatures vanquished.

Vanquished Creatures (others)
  A small abomination (D)
  A crawling corpse (D)
2 creatures vanquished.

Grand Total: 156 creatures vanquished
